AoeStats
← Michi3052

Arena

509416098Analyzed
1v1 RM · 5d ago on Sep 26, 2026· 35m 35s· 2 players
Game mode
Random Map
Map size
Tiny (2 player)
Population
200
Speed
Normal
Resources
Standard
Victory
Conquest
Starting age
Dark Age
Ending age
Imperial Age
RankedLock teamsTeams togetherTeam positionsShared explorationLock speedFull tech treeHidden civsTurbo modeCheats
Victory
Defeat
🇪🇸 Turks · Spain
757
+15
🇨🇴 Portuguese · Colombia
739
-15
jdaaa2009
0:34 Loom
11:46 Feudal Age
12:47 Horse Collar
12:57 Double-Bit Axe
16:23 Wheelbarrow
20:03 Castle Age
19:51 Bloodlines
21:09 Bow Saw
21:01 Heavy Plow
20:44 Light Cavalry
21:26 Husbandry
21:43 Scale Barding Armor
21:50 Forging
25:27 Iron Casting
26:10 Wheelbarrow
27:47 Pikeman
28:13 Arson
28:57 Chain Barding Armor
30:07 Hand Cart
32:27 Imperial Age
30:43 Fletching
30:54 Padded Archer Armor
33:03 Elite Skirmisher
34:40 Bodkin Arrow
35:01 Leather Archer Armor
35:39 Thumb Ring
Michi3052
13:19 Feudal Age
14:11 Double-Bit Axe
18:06 Castle Age
18:11 Horse Collar
26:51 Imperial Age
27:20 Fletching
27:33 Padded Archer Armor
30:10 Bodkin Arrow
33:55 Leather Archer Armor
Connection lost

Rejoining the realm…

Still unreachable

The connection could not be restored.

Session expired

The server has moved on; the page needs a fresh start.